 Dungeon Crawl Stone Soup version 0.19-a0-526-gbe2e51c (webtiles) character file.

63 tyrsky the Conjurer (level 4, 0/24 HPs)
             Began as a Tengu Conjurer on June 7, 2016.
             Slain by a hound (5 damage)
             ... on level 4 of the Dungeon.
             The game lasted 00:05:38 (1509 turns).

tyrsky the Conjurer (Tengu Conjurer)                Turns: 1509, Time: 00:05:38

Health: 0/24       AC:  2    Str:  9    XL:     4   Next: 10%
Magic:  1/9        EV: 13    Int: 15    God:
Gold:   79         SH:  0    Dex: 15    Spells: 2 memorised, 3 levels left

rFire  . . .     SeeInvis .     (no weapon)
rCold  . . .     Gourm    .     a - +0 robe
rNeg   . . .     Faith    .     (no shield)
rPois  .         Spirit   .     (helmet restricted)
rElec  .         Dismiss  .     (no cloak)
rCorr  .         Reflect  .     (no gloves)
SustAt .         Harm     .     (boots unavailable)
MR     .....                    (no amulet)
Stlth  ++........               (no ring)
                                (no ring)

@: not resistant to hostile enchantments, unstealthy
A: beak, talons 3
a: no special abilities


You were on level 4 of the Dungeon.
You were not hungry.

You visited 1 branch of the dungeon, and saw 4 of its levels.

You collected 79 gold pieces.

Inventory:

Armour
 a - a +0 robe (worn)
Scrolls
 d - 2 scrolls of teleportation {unknown}
 e - a scroll of blinking {unknown}
 f - a scroll of identify {unknown}
Books
 b - a book of Conjurations

   Spells                             Type                      Level
   a - Magic Dart                     Conjuration                  1
   b - Searing Ray                    Conjuration                  2
   c - Dazzling Spray                 Conjuration/Hexes            3
   d - Fulminant Prism                Conjuration/Hexes            4
   e - Iskenderun's Mystic Blast      Conjuration                  4
   f - Iskenderun's Battlesphere      Conjuration/Charms           5
Comestibles
 c - a bread ration
 h - 2 chunks of flesh


   Skills:
 + Level 2.9 Dodging
 - Level 2.0 Stealth
 * Level 2.7 Spellcasting
 * Level 6.3 Conjurations
 * Level 0.0 Hexes


You had 3 spell levels left.
You knew the following spells:

 Your Spells              Type           Power        Failure   Level  Hunger
a - Magic Dart            Conj           ###.         1%          1    #......
b - Fulminant Prism       Conj/Hex       ##........   67%         4    #####..


Dungeon Overview and Level Annotations

Branches:
Dungeon (4/15)
 Temple: D:4-7

Altars:
Okawaru

Annotations:
D:2 Crazy Yiuf
D:3 Sigmund


Innate Abilities, Weirdness & Mutations

You have a beak for a mouth.
You have claws for feet.


Message History

Casting: Magic Dart
Confirm with . or Enter, or press ? or * to list all spells.
You don't have enough magic to cast that spell.
It was a potion of curing.
You feel better. The hound bites you. The giant gecko bites you.
The hound bites you.
* * * LOW HITPOINT WARNING * * *
You closely miss the hound.
The hound is severely wounded.
The giant gecko closely misses you. The hound barely misses you.
The giant gecko bites you.
* * * LOW HITPOINT WARNING * * *
Casting: Magic Dart
Confirm with . or Enter, or press ? or * to list all spells.
You don't have enough magic to cast that spell.
The hound barely misses you.
Casting: Magic Dart
Confirm with . or Enter, or press ? or * to list all spells.
You don't have enough magic to cast that spell.
The hound bites you.
You die...

.......
.........
.........
###.......##
...........#
#.........#
#.........#
#.....[.lQ#
#.......h.#
#.......##
##...<.##
.........#
.........#
.........#
......?..#
......####


You could see a hound and a giant gecko.

Vanquished Creatures
  An adder (D:3)
  An ooze (D:2)
  A worm (D:2)
  A dart slug (D:1)
  2 giant geckos
  2 orcs (D:3)
  7 goblins
  8 hobgoblins
  2 jackals (D:2)
  A ball python (D:3)
  2 bats
  A giant newt (D:2)
  6 kobolds
  3 rats
38 creatures vanquished.

Notes
Turn   | Place    | Note
--------------------------------------------------------------
     0 | D:1      | tyrsky the Tengu Conjurer began the quest for the Orb.
     0 | D:1      | Reached XP level 1. HP: 10/10 MP: 4/4
   280 | D:1      | Reached XP level 2. HP: 15/15 MP: 0/6
   858 | D:2      | Reached XP level 3. HP: 19/19 MP: 5/7
   955 | D:2      | Found an iron altar of Okawaru.
  1058 | D:2      | Reached skill level 6 in Conjurations
  1310 | D:2      | Noticed Crazy Yiuf
  1361 | D:3      | Reached XP level 4. HP: 24/24 MP: 0/9
  1368 | D:3      | Learned a level 4 spell: Fulminant Prism
  1482 | D:3      | Noticed Sigmund
  1509 | D:4      | Slain by a hound

Vault maps used:
D:1:      kennysheep_arrival_forest
D:2:      old_standard_altar, lemuel_round_altar, uniq_crazy_yiuf_cottage
D:3:      cheibriados_altar_1, marbit_many_paths,
          nicolae_overflow_crystal_walls, grunt_qazlal_clouds, uniq_jessica,
          uniq_iyjb, uniq_sigmund
D:4:      makhleb_altar_promises_db, first_bread, uniq_duvessa, uniq_edmund,
          uniq_blork_the_orc

Skill      XL: |  1  2  3 |
---------------+----------+-----
Conjurations   | 6 |  6.3
Dodging        | |  2.9
Stealth        | |  2.0
Spellcasting   | |  2.7

Action                   |  1- 3 |  4- 6 || total
-------------------------+-------+-------++-------
Melee: Unarmed           |     3 |     4 ||     7
       Kick              |       |     1 ||     1
       Peck              |       |     1 ||     1
 Cast: Magic Dart        |    71 |    14 ||    85
  Use: Potion            |       |     1 ||     1
 Stab: Sleeping          |     1 |       ||     1
  Eat: Chunk             |     1 |     2 ||     3
Armor: Robe              |       |     1 ||     1
Dodge: Dodged            |     1 |    14 ||    15
